 Dungeon Crawl Stone Soup version 0.28-a0-691-gad6df49 (webtiles) character file.

Game seed: 2407645531169807187

51 NeededCrab the Chiller (level 3, -1/24 HPs)
             Began as a Merfolk Ice Elementalist on Oct 20, 2021.
             Was a Priest of Uskayaw.
             Slain by an adder (3 damage)
             ... on level 2 of the Dungeon.
             The game lasted 00:04:11 (1448 turns).

NeededCrab the Chiller (Merfolk Ice Elementalist)   Turns: 1448, Time: 00:04:11

Health: -1/24      AC:  2    Str:  8    XL:     3   Next: 83%
Magic:  0/6        EV: 14    Int: 15    God:    Uskayaw [***...]
Gold:   25         SH:  0    Dex: 20    Spells: 2/6 levels left

rFire   . . .      SeeInvis .   (no weapon)
rCold   . . .      Faith    .   (no shield)
rNeg    . . .      Spirit   .   a - +0 robe
rPois   .          Reflect  .   (no helmet)
rElec   .          Harm     .   (no cloak)
rCorr   .          Rampage  .   (no gloves)
Will    .....                   (no boots)
Stlth   ++........              (no amulet)
HPRegen 0.08/turn               i - +6 ring of dexterity
MPRegen 0.10/turn               (no ring)

@: no status effects
A: (nimble swimmer 2), mertail
a: Renounce Religion, Stomp, Line Pass


You were on level 2 of the Dungeon.
You worshipped Uskayaw.
Uskayaw was noncommittal.
You visited 1 branch of the dungeon, and saw 2 of its levels.

You collected 25 gold pieces.

Inventory:

Armour
 a - a +0 robe (worn)
 h - a +0 leather armour
Jewellery
 i - a +6 ring of dexterity (left hand)
Scrolls
 c - a scroll of teleportation {unknown}
 e - a scroll of noise {unknown}
 f - a scroll of amnesia {unknown}
 l - a scroll of enchant armour {unknown}
Potions
 b - a potion of flight {unknown}
 d - a potion of brilliance {unknown}
 g - a potion of curing {unknown}
 j - a potion of haste {unknown}
 k - a potion of lignification {unknown}


   Skills:
 + Level 1.5 Polearms
 + Level 3.3 Dodging
 - Level 2.1 Stealth
 + Level 2.3 Spellcasting
 * Level 5.0 Ice Magic
 + Level 1.0 Invocations


You had 2 spell levels left.
You knew the following spells:

 Your Spells              Type           Power      Damage    Failure   Level
a - Freeze                Ice            64%        1d8       2%          1
b - Frozen Ramparts       Ice            32%        1d5       9%          3

Your spell library contained the following spells:

 Spells                   Type           Power      Damage    Failure   Level
 Ozocubu's Armour         Ice            16%        N/A       9%          3
 Hailstorm                Conj/Ice       9%         3d4       58%         4


Dungeon Overview and Level Annotations

Branches:
Dungeon (2/15)

Altars:
Uskayaw

Annotations:
D:2 Robin


Innate Abilities, Weirdness & Mutations

((You are quick and stealthy near water. (Stealth+, EV+, Speed+++)))
Your lower body shifts to a powerful aquatic tail in water.


Message History

The goblin barely misses you.
The wall freezes the hobgoblin.
The goblin barely misses you.
The wall freezes the hobgoblin.
The hobgoblin closely misses you.
The wall freezes Robin.
Uskayaw will force your foes to helplessly watch your dance.
Uskayaw prepares the audience for your solo!
The hobgoblin is no longer paralysed.
The goblin is no longer paralysed.
The goblin barely misses you.
The wall freezes the hobgoblin.
You kill the hobgoblin!
An adder comes into view.
The adder hisses angrily.
The goblin hits you with a +0 club.
* * * LOW HITPOINT WARNING * * *
The wall freezes Robin.
The goblin barely misses you.
Casting: Frozen Ramparts (quite dangerous; 9% risk of failure)
Confirm with . or Enter, or press ? or * to list all spells.
Aiming: Freeze (safe; 2% risk of failure)
Press: ? - help, Shift-Dir - straight line, f - goblin
Aim: a goblin, wielding a +0 club (strong)
You freeze the goblin.
The goblin is heavily wounded.
The frozen ramparts melt away.
The goblin hits you but does no damage.
Unknown command.
The goblin hits you with a +0 club.
* * * LOW HITPOINT WARNING * * *
Items here: )) [ †.
The goblin misses you.
Casting: Freeze (safe; 2% risk of failure)
Confirm with . or Enter, or press ? or * to list all spells.
Aiming: Freeze (safe; 2% risk of failure)
Press: ? - help, Shift-Dir - straight line, f - adder, p - goblin
Aim: an adder You freeze the adder.
The adder is moderately wounded.
The adder seems to slow down.
The goblin no longer looks unusually strong.
The goblin hits you with a +0 club.
* * * LOW HITPOINT WARNING * * *
The adder bites you.
You die...

#.... ########### ###....
###.........#######†...##
########...........#..........#
#..................#........###
#..................#...>..#.#
#.......##.........#......#.#
#.?....)†.)...S...†.......#...
...g......#.).gg@...#.########.#
.g.g......###########.# #...
...gg....... #.# ##...
g............ #.# .....
..###.###...... #.# ..... # #.
....... #.. ..... ## ##..... ###
....# ... .>


You could see Robin, an adder (slow) and a goblin.

Vanquished Creatures
  2 adders (D:2)
  A dart slug (D:1)
  3 ball pythons (D:1)
  2 endoplasms
  2 giant cockroaches (D:1)
  6 goblins
  6 hobgoblins
  2 bats (D:1)
  A frilled lizard (D:2)
  A kobold (D:1)
  2 rats
28 creatures vanquished.

Notes
Turn   | Place    | Note
-------+----------+-------------------------------------------
     0 | D:1      | NeededCrab the Merfolk Ice Elementalist began the quest for
                  | the Orb.
     0 | D:1      | Reached XP level 1. HP: 13/13 MP: 3/3
    93 | D:1      | Found a faded altar of an unknown god.
   107 | D:1      | Prayed at the altar of an unknown god.
   107 | D:1      | Became a worshipper of Uskayaw the Reveller
   107 | D:1      | Reached * piety under Uskayaw
   261 | D:1      | Reached XP level 2. HP: 19/19 MP: 3/5
   401 | D:1      | Reached ** piety under Uskayaw
   403 | D:1      | Reached skill level 1 in Polearms
   409 | D:1      | Reached *** piety under Uskayaw
  1236 | D:2      | Reached XP level 3. HP: 24/24 MP: 2/6
  1240 | D:2      | Learned a level 3 spell: Frozen Ramparts
  1422 | D:2      | Noticed Robin
  1434 | D:2      | Reached skill level 1 in Invocations
  1436 | D:2      | Reached skill level 5 in Ice Magic
  1448 | D:2      | Slain by an adder

Illustrated notes

Levels and vault maps discovered:
D:1:      giann_forest_graveyard, layout_basic,
          ebering_ecumenical_altar_sacrificial
D:2:      layout_basic, minmay_quantized, uniq_robin, uniq_natasha

Skill      XL: |  1  2  3 |
---------------+----------+-----
Dodging        | 3 |  3.3
Polearms       | 1 |  1.5
Invocations    | 1 |  1.0
Ice Magic      | 5 |  5.0
Stealth        | |  2.1
Spellcasting   | |  2.3

Action                   || total
-------------------------++-------
Melee: Unarmed           ||     3
 Cast: Freeze            ||    34
       Frozen Ramparts   ||     3
Armor: Robe              ||     7
Dodge: Dodged            ||    23

Table legend: (Time is in decaauts)
 A = Elapsed time spent in this place.
 B = Non-inter-level travel time spent in this place.
 C = Inter-level travel time spent in this place.
 D = Time resting spent in this place.
 E = Time spent auto-exploring this place.
 F = Levels seen in this place.
 G = Mean time per level.
                   A        B        C        D        E       F      G
               +--------+--------+--------+--------+--------+-----+--------+
         Total |   1447 |   1379 |     68 |    178 |   1020 |   2 |  723.5 |
       Dungeon |   1447 |   1379 |     68 |    178 |   1020 |   2 |  723.5 |
               +--------+--------+--------+--------+--------+-----+--------+

Top non-repeatable levels by time:
     D:1: 1117 daAuts
     D:2: 329 daAuts
